Map: Pillars of Gold LE

Players

Nina - Winner!

  • Race: Protoss Protoss
  • League: Grandmaster
  • Spawn Location: 7:00

MaSa

  • Race: Terran Terran
  • League: Master
  • Spawn Location: 1:00

Event: DreamHack SC2 Masters 2020 Winter

VOD

Have the link to the VOD?

Description

Time

  • Played on: Nov. 5, 2020, 4:26 p.m.
  • Length: 10:54

All games in this series

Show
View Real Time Build Order
Export as new Build Order

Nina Protoss - Winner!

Build Orders: 1 Gate Expand, Colossus Rush 

Get SALT Encoding   

  12  0:00  Probe  
  13  0:12  Probe  
  14  0:19  Pylon  
  14  0:24  Probe  
  15  0:37  Probe (Chrono Boost)  
  15  0:39  Gateway  
  16  0:49  Probe (Chrono Boost)  
  17  0:52  Assimilator  
  17  0:53  Probe (Chrono Boost)  
  18  1:04  Probe  
  19  1:16  Probe  
  20  1:26  Cybernetics Core  
  20  1:38  Nexus  
  20  1:41  Probe  
  21  1:48  Pylon  
  20  1:55  Probe  
  20  1:59  Assimilator  
  21  2:01  Adept (Chrono Boost)  
  21  2:07  Probe  
  24  2:10  Warp Gate  
  24  2:19  Probe  
  25  2:23  Stalker (Chrono Boost)  
  27  2:31  Probe  
  28  2:38  Shield Battery  
  29  2:46  Stalker (Chrono Boost)  
  29  2:50  Gateway  
  30  2:54  Probe  
  30  2:57  Probe  
  33  3:12  Probe  
  33  3:13  Stalker  
  33  3:15  Probe  
  36  3:20  Robotics Facility  
  36  3:26  Shield Battery  
  36  3:30  Probe x2  
  38  3:42  Probe x2  
  38  3:43  Assimilator  
  40  3:54  Probe x2  
  42  3:57  Pylon  
  42  3:58  Sentry  
  44  4:04  Pylon  
  44  4:06  Probe x2  
  46  4:13  Pylon  
  46  4:15  Observer  
  47  4:18  Probe (Chrono Boost), Sentry  
  47  4:19  Probe (Chrono Boost)  
  47  4:20  Robotics Bay  
  51  4:25  Assimilator  
  51  4:29  Probe x2 (Chrono Boost)  
  53  4:34  Twilight Council, Probe (Chrono Boost)  
  53  4:35  Probe (Chrono Boost)  
  55  4:45  Warp Prism (Chrono Boost)  
  55  4:47  Probe  
  55  4:48  Probe  
  59  4:58  Pylon  
  59  4:59  Sentry  
  61  5:00  Probe  
  61  5:07  Gravitic Drive  
  62  5:08  Probe  
  62  5:13  Colossus (Chrono Boost)  
  63  5:16  Observer  
  63  5:20  Blink  
  69  5:21  Probe  
  69  5:22  Probe  
  69  5:28  Forge  
  71  5:36  Gateway  
  71  5:42  Stalker x2  
  75  5:46  Gateway  
  75  5:48  Pylon  
  75  6:06  Colossus (Chrono Boost)  
  75  6:17  Probe  
  76  6:21  Probe, Protoss Ground Weapons Level 1  
  76  6:23  Zealot  
  79  6:29  Probe  
  79  6:31  Extended Thermal Lance  
  79  6:32  Stalker  
  82  6:33  Probe  
  82  6:37  Gateway  
  82  6:38  Nexus  
  83  6:41  Stalker  
  83  6:47  Pylon x2  
  84  6:59  Probe  
  79  7:11  Stalker x3  
  79  7:13  Colossus  
  90  7:19  Probe  
  91  7:31  Nexus  
  91  7:35  Probe  
  92  7:40  Nexus  
  92  7:42  Stalker x3  
  92  7:43  Charge  
  98  7:44  Probe  
  98  7:46  Pylon  
  99  7:57  Observer  
  99  8:04  Disruptor (Chrono Boost)  
  97  8:07  Zealot x3  
  97  8:09  Shield Battery  
  106  8:17  Gateway  
  106  8:19  Gateway  
  106  8:28  Probe x2  
  106  8:30  Gateway  
  106  8:33  Shield Battery  
  108  8:35  Pylon, Protoss Ground Armor Level 1 (Chrono Boost)  
  108  8:40  Probe x2  
  110  8:46  Pylon  
  110  8:52  Probe  
  111  8:59  Zealot x2  
  111  9:01  Zealot x2, Disruptor (Chrono Boost)  
  121  9:10  Probe  
  121  9:12  Zealot  
  121  9:16  Stalker  
  125  9:20  Stalker  
  125  9:21  Stalker, Zealot x2  
  131  9:26  Zealot  
  131  9:37  Warp Prism  
  121  9:43  Stalker x3  
  121  9:44  Stalker  
  102  9:54  Probe  
  93  10:00  Probe  
  93  10:01  Stalker  
  93  10:02  Stalker x2  
  98  10:08  Zealot x4  
  98  10:10  Templar Archives  
  106  10:21  Nexus  
  106  10:29  Assimilator  
  106  10:33  Zealot x3  
  112  10:38  Zealot  
  112  10:41  Zealot  
  112  10:42  Zealot  
  118  10:45  Zealot  
Show
View Real Time Build Order
Export as new Build Order

MaSa Terran 

Build Orders:  

Get SALT Encoding   

  12  0:00  SCV  
  13  0:12  SCV  
  14  0:17  Supply Depot  
  14  0:24  SCV  
  15  0:39  SCV  
  15  0:40  Barracks  
  16  0:51  Barracks  
  16  0:57  Refinery  
  16  1:01  SCV  
  17  1:13  SCV  
  18  1:27  Orbital Command, Marine  
  19  1:38  Barracks Tech Lab  
  19  1:41  Supply Depot  
  19  1:44  Marine  
  20  1:56  SCV  
  20  1:57  Concussive Shells, Marauder  
  23  2:02  Marine  
  24  2:09  Supply Depot  
  24  2:11  SCV  
  25  2:18  Marauder  
  25  2:20  Marine  
  28  2:23  SCV  
  29  2:39  Marauder, Marine  
  32  2:47  SCV  
  33  3:01  Marauder  
  33  3:03  Command Center  
  35  3:10  SCV  
  36  3:19  Factory  
  36  3:22  SCV  
  37  3:32  Marine x2  
  37  3:34  SCV  
  37  3:38  Refinery  
  37  3:41  Supply Depot  
  38  3:45  Stimpack  
  38  3:54  SCV  
  38  4:02  Marine  
  40  4:03  Barracks Reactor  
  40  4:07  SCV  
  40  4:15  Orbital Command  
  40  4:18  Refinery  
  40  4:19  SCV  
  40  4:21  Starport  
  41  4:25  Marine  
  41  4:30  Barracks  
  42  4:31  SCV  
  42  4:32  Factory Tech Lab  
  43  4:41  SCV  
  43  4:43  SCV, Marine  
  46  4:48  Marine  
  47  4:53  SCV  
  47  4:54  Siege Tank  
  47  4:55  SCV  
  47  4:59  Medivac  
  54  5:04  Marauder  
  54  5:05  SCV  
  57  5:13  Supply Depot  
  57  5:15  Marine x2  
  57  5:20  SCV  
  60  5:22  SCV, Barracks Tech Lab  
  61  5:32  SCV  
  61  5:35  Marauder, Siege Tank  
  67  5:37  Supply Depot  
  67  5:39  Engineering Bay  
  67  5:41  SCV  
  68  5:44  SCV  
  69  5:54  Marine  
  70  5:58  SCV, Liberator  
  70  5:59  Marauder  
  76  6:10  Siege Tank  
  74  6:11  Marine x2  
  76  6:19  SCV  
  76  6:21  SCV  
  76  6:22  Terran Infantry Weapons Level 1  
  76  6:27  Combat Shield, Barracks  
  76  6:28  Marauder  
  78  6:39  Supply Depot  
  78  6:45  Supply Depot  
  78  7:00  SCV x2  
  78  7:01  Marauder x2  
  84  7:05  Barracks Reactor  
  84  7:07  Medivac x2  
  86  7:12  SCV x2  
  86  7:15  Barracks Reactor  
  84  7:25  SCV x2  
  85  7:32  Marauder x2, Refinery  
  85  7:37  SCV, Command Center  
  89  7:40  SCV  
  89  7:43  Marine x2  
  93  7:44  Siege Tank  
  93  7:50  SCV  
  94  7:54  Missile Turret  
  94  7:56  SCV  
  94  7:57  Supply Depot  
  94  7:59  Viking, Marauder x2, Marine x2  
  94  8:03  Marine x2  
  97  8:06  Medivac  
  97  8:09  SCV  
  98  8:13  Supply Depot  
  98  8:15  Barracks  
  98  8:22  SCV  
  98  8:24  Marine x2, Siege Tank  
  98  8:25  Marine x2  
  106  8:29  Marauder  
  108  8:39  SCV  
  108  8:40  Viking x2  
  113  8:44  SCV  
  113  8:48  Marine x2  
  114  8:51  SCV  
  109  9:07  SCV  
  109  9:08  SCV  
  109  9:09  Orbital Command, Siege Tank  
  114  9:10  Viking, Marine  
  114  9:12  Barracks Tech Lab x2  
  117  9:17  Marine  
  117  9:18  Marauder  
  117  9:21  SCV  
  117  9:22  SCV  
  122  9:25  Marine  
  122  9:35  Marine  
  122  9:36  Marauder  
  125  9:41  Siege Tank  
  106  9:48  Marauder, Marine  
  106  9:51  Marine x2  
  106  9:52  SCV, Marauder  
  95  9:57  SCV  
  79  10:00  SCV  
  79  10:01  Marauder  
  79  10:04  SCV  
  79  10:05  Marine  
  82  10:10  Marauder  
  82  10:13  Marauder, Siege Tank  
  89  10:15  Marine x2  
  89  10:16  Medivac x2  
  89  10:18  SCV x2  
  89  10:19  SCV  
  98  10:22  Marauder, Marine  
  98  10:24  Marine  
  101  10:30  SCV x2  
  101  10:31  Marauder  
  104  10:38  Missile Turret  
Tags
 
Add a new tag
Caveats
  • Supply blocks, unpowered buildings, or Contaminate may cause inaccurate times.
  • Supply counts are checked every 10 seconds.